 Dungeon Crawl Stone Soup version 0.29.0-4-gdea44cf6ec (webtiles) character file.

Game seed: 12030529466624735165

53 qw the Chopper (level 3, 0/21 HPs)
             Began as a Tengu Warper on Aug 28, 2022.
             Succumbed to an adder's poison
             ... on level 2 of the Dungeon.
             The game lasted 00:00:08 (1611 turns).

qw the Chopper (Tengu Warper)                       Turns: 1611, Time: 00:00:08

Health: 0/21       AC:  3    Str: 13    XL:     3   Next: 87%
Magic:  7/7        EV: 12    Int: 13    God:
Gold:   53         SH:  0    Dex: 13    Spells: 6/6 levels left

rFire   . . .      SeeInvis .   Y - +0 hand axe
rCold   . . .      Faith    .   (no shield)
rNeg    . . .      Spirit   .   b - +0 leather armour
rPois   .          Reflect  .   (helmet restricted)
rElec   .          Harm     .   (no cloak)
rCorr   .          Rampage  .   (no gloves)
Will    .....                   (boots unavailable)
Stlth   +.........              (no amulet)
HPRegen 0.07/turn               (no ring)
MPRegen 0.10/turn               (no ring)

@: lethally poisoned (0 -> -6)
A: beak, talons 3
a: no special abilities


You were on level 2 of the Dungeon.
You visited 1 branch of the dungeon, and saw 2 of its levels.

You collected 53 gold pieces.


Innate Abilities, Weirdness & Mutations

You have a beak for a mouth.
You have claws for feet.


   Skills:
 - Level 2.0 Fighting
 + Level 4.5 Axes
 - Level 1.0 Throwing
 - Level 1.1 Armour
 - Level 2.1 Dodging
 - Level 2.0 Spellcasting
 - Level 2.4 Translocations


You had 6 spell levels left.
You didn't know any spells.
Your spell library contained the following spells:

 Spells                   Type           Power      Damage    Failure   Level
 Blink                    Tloc           14%        N/A       19%         2
 Gell's Gravitas          Tloc           7%         N/A       36%         3
 Lesser Beckoning         Tloc           7%         N/A       36%         3
 Teleport Other           Tloc           7%         N/A       36%         3
 Manifold Assault         Tloc           7%         N/A       98%         5

Inventory:

Hand Weapons
 e - a +0 mace
 Y - a +0 hand axe (weapon)
Missiles
 a - a javelin (quivered)
Armour
 b - a +0 leather armour (worn)
Potions
 f - a potion of lignification {unknown}
 i - a potion of attraction {unknown}

Dungeon Overview and Level Annotations

Branches:
Dungeon (2/15)

Altars:


Message History

Press: ? - help, Q - select action Shift-Dir - straight line, f/p - adder You throw a javelin.
The javelin pierces through the adder.
The adder is lightly wounded.
You miss the adder.
The adder is lightly wounded.
The adder completely misses you. The adder closely misses you.
You barely miss the adder. You claw the adder.
The adder is severely wounded.
The adder bites you but does no damage.
You hit the adder but do no damage. Your kick misses the adder.
The adder is severely wounded.
The adder bites you.
You closely miss the adder. Your kick misses the adder.
The adder is severely wounded.
The adder misses you. The adder bites you.
You closely miss the adder. Your kick misses the adder.
Your peck misses the adder.
The adder is severely wounded.
The adder bites you.
You closely miss the adder. You claw the adder, but do no damage.
The adder is severely wounded.
The adder bites you.
You are poisoned.
The adder poisons you! The adder bites you.
You closely miss the adder.
The adder is severely wounded.
You feel sick. The adder barely misses you.
You barely miss the adder. Your kick misses the adder.
The adder is severely wounded.
You feel sick. The adder barely misses you.
You miss the adder.
The adder is severely wounded.
You feel sick.
You are no longer poisoned.
The adder misses you. The adder bites you.
You are lethally poisoned!
The adder poisons you!
You miss the adder. Your kick misses the adder. Your peck misses the adder.
The adder is severely wounded.
You die...

#########
#@S.....(
#.######.
#.# #.#
## #.#
##. ###.#
.. #...#
#. #.###
#% #.# #.


You could see an adder.

Vanquished Creatures
  An adder (D:2)
  3 dart slugs (D:1)
  5 endoplasms (D:1)
  3 giant cockroaches (D:1)
  2 goblins
  3 hobgoblins (D:1)
  4 jackals
  4 kobolds (D:1)
  5 ball pythons (D:1)
  2 frilled lizards (D:1)
  3 rats
35 creatures vanquished.

Notes
Turn   | Place    | Note
-------+----------+-------------------------------------------
     0 | D:1      | qw the Tengu Warper began the quest for the Orb.
     0 | D:1      | Reached XP level 1. HP: 12/12 MP: 4/4
     0 | D:1      | 0 ||| qw: Version: 0.1-a-89-g26bdef1
     0 | D:1      | 0 ||| qw: Game counter: 2125
     0 | D:1      | 0 ||| qw: Always use a shield: true
     0 | D:1      | 0 ||| qw: God list: Okawaru
     0 | D:1      | 0 ||| qw: Allow faded altars: false
     0 | D:1      | 0 ||| qw: Do Orc after D:15 true
     0 | D:1      | 0 ||| qw: Do second Lair branch before Depths: true
     0 | D:1      | 0 ||| qw: Lair rune preference: random
     0 | D:1      | 0 ||| qw: Plans: Normal
     0 | D:1      | 0 ||| PLANNING D:1-11
   315 | D:1      | Reached skill level 3 in Axes
   315 | D:1      | Reached XP level 2. HP: 16/17 MP: 6/6
   365 | D:1      | 365 ||| Stepping ~*~*~tactically~*~*~ (stealth).
   367 | D:1      | 367 ||| Stepping ~*~*~tactically~*~*~ (stealth).
   456 | D:1      | 456 ||| Stepping ~*~*~tactically~*~*~ (stealth).
   458 | D:1      | 458 ||| Stepping ~*~*~tactically~*~*~ (stealth).
   772 | D:1      | Reached XP level 3. HP: 21/21 MP: 7/7
   796 | D:1      | 796 ||| Stepping ~*~*~tactically~*~*~ (hiding).
   864 | D:1      | Reached skill level 4 in Axes
   877 | D:1      | 877 ||| Stepping ~*~*~tactically~*~*~ (stealth).
   881 | D:1      | 881 ||| Stepping ~*~*~tactically~*~*~ (stealth).
   883 | D:1      | 883 ||| Stepping ~*~*~tactically~*~*~ (stealth).
   885 | D:1      | 885 ||| Stepping ~*~*~tactically~*~*~ (stealth).
   901 | D:1      | Found a faded altar of an unknown god.
   906 | D:1      | 906 ||| Stepping ~*~*~tactically~*~*~ (stealth).
  1265 | D:1      | 1265 ||| READING scroll labelled JUASTR MYOCVA.
  1266 | D:1      | 1266 ||| READING scroll labelled DIYTSAI GUKHURR.
  1267 | D:1      | 1267 ||| READING scroll labelled GEMEONW SEXEDU.
  1268 | D:1      | 1268 ||| DRINKING 2 green potions.
  1269 | D:1      | 1269 ||| DROPPING scroll of blinking.
  1270 | D:1      | 1270 ||| DROPPING potion of brilliance.
  1355 | D:2      | 1355 ||| FLEEEEING.
  1356 | D:2      | 1356 ||| FLEEEEING.
  1357 | D:2      | 1357 ||| FLEEEEING.
  1358 | D:2      | 1358 ||| FLEEEEING.
  1359 | D:2      | 1359 ||| FLEEEEING.
  1360 | D:2      | 1360 ||| FLEEEEING.
  1361 | D:2      | 1361 ||| FLEEEEING.
  1362 | D:2      | 1362 ||| FLEEEEING.
  1363 | D:2      | 1363 ||| FLEEEEING.
  1364 | D:2      | 1364 ||| FLEEEEING.
  1365 | D:2      | 1365 ||| FLEEEEING.
  1366 | D:2      | 1366 ||| FLEEEEING.
  1367 | D:2      | 1367 ||| FLEEEEING.
  1368 | D:2      | 1368 ||| FLEEEEING.
  1369 | D:2      | 1369 ||| FLEEEEING.
  1370 | D:2      | 1370 ||| FLEEEEING.
  1372 | D:2      | 1372 ||| FLEEEEING.
  1373 | D:2      | 1373 ||| FLEEEEING.
  1375 | D:2      | 1375 ||| FLEEEEING.
  1376 | D:2      | 1376 ||| FLEEEEING.
  1377 | D:2      | 1377 ||| FLEEEEING.
  1378 | D:2      | 1378 ||| FLEEEEING.
  1380 | D:2      | 1380 ||| FLEEEEING.
  1381 | D:2      | 1381 ||| FLEEEEING.
  1382 | D:2      | 1382 ||| FLEEEEING.
  1383 | D:2      | 1383 ||| FLEEEEING.
  1385 | D:2      | 1385 ||| STAIRDANCE
  1610 | D:2      | HP: 2/21 [adder (4)]
  1611 | D:2      | Succumbed to an adder's poison

Levels and vault maps discovered:
D:1:      dpeg_arrival_solitude, layout_basic,
          shapermc_ecumenical_altar_rom_forum, minmay_misc_feat_alley,
          minivault_25
D:2:      cheibrodos_old_hovel, layout_loops_ring, uniq_robin

Skill      XL: |  1  2  3 |
---------------+----------+-----
Axes           | 3 4 |  4.5
Fighting       | |  2.0
Throwing       | |  1.0
Armour         | |  1.1
Dodging        | |  2.1
Spellcasting   | |  2.0
Translocations | |  2.4

Action                   || total
-------------------------++-------
Melee: Hand axe          ||    85
       Kick              ||    16
       Peck              ||     7
Throw: Boomerang         ||     7
       Javelin           ||     2
  Use: Scroll            ||     3
       Potion            ||     1
Armor: Leather armour    ||    18
Dodge: Dodged            ||    43

Table legend:
 A = Non-vault XP
 B = Vault XP
 C = Vault XP percentage of total XP
 D = Non-vault monster count
 E = Vault monster count
 F = Vault count percentage of total count
                 A         B        C        D         E       F
            +---------+---------+-------+---------+---------+-------
      Total |      76 |       0 |   0.0 |      35 |       0 |   0.0
            +---------+---------+-------+---------+---------+-------
        D:1 |      56 |       0 |   0.0 |      30 |       0 |   0.0
        D:2 |      20 |       0 |   0.0 |       5 |       0 |   0.0
            +---------+---------+-------+---------+---------+-------
